| TOP OF THE 1ST |
|
Great Lakes Loons batting - Pitching for Lakewood BlueClaws : RHP William-Floyd Goof
|
|
Pitching: RHP William-Floyd Goof
|
|
|
Batting: RHB Ken Jenkins
|
0-0: Called Strike 0-1: SINGLE (Groundball, 56S, EV 61.9 MPH) (infield hit)
|
|
Batting: RHB Alex Mejia
|
0-0: Ball 1-0: Called Strike 1-1: Fly out, F2 (Popup, 2L, EV 97.5 MPH)
|
|
Batting: RHB John Piccolo
|
0-0: Ball 1-0: Ball Wild Pitch! Ken Jenkins to second 2-0: Ball 3-0: Base on Balls
|
|
Batting: LHB Antonio Luis
|
0-0: Called Strike John Piccolo is caught stealing 2nd base 2-6 Ken Jenkins steals 3rd base 0-1: DOUBLE (Line Drive, 78M, EV 96.9 MPH) Ken Jenkins scores
|
|
Batting: LHB Jim Chalk
|
0-0: Ball 1-0: Ground out 4-3 (Groundball, 4S, EV 83.1 MPH)
|
| Top of the 1st over - 1 run, 2 hits, 0 errors, 1 left on base; Great Lakes 1 - Lakewood 0 |
| BOTTOM OF THE 1ST |
|
Lakewood BlueClaws batting - Pitching for Great Lakes Loons : RHP Santiago Montero
|
|
Pitching: RHP Santiago Montero
|
|
|
Batting: LHB Osamu Kubo
|
0-0: Ball 1-0: Called Strike 1-1: Ball 2-1: Ball 3-1: Swinging Strike 3-2: Foul Ball, location: 2F 3-2: Ground out 3-1 (Groundball, 34, EV 85.0 MPH)
|
|
Batting: RHB Alberto Ramirez
|
0-0: Ground out U3 (Groundball, 34S, EV 83.8 MPH)
|
|
Batting: SHB Bob Dixon
|
0-0: Called Strike 0-1: Called Strike 0-2: Strikes out looking
|
| Bottom of the 1st over - 0 runs, 0 hits, 0 errors, 0 left on base; Great Lakes 1 - Lakewood 0 |
| TOP OF THE 2ND |
|
Great Lakes Loons batting - Pitching for Lakewood BlueClaws : RHP William-Floyd Goof
|
|
Batting: LHB Chris Barrera
|
0-0: Ball 1-0: Fly out, F8 (Flyball, 89S, EV 98.1 MPH)
|
|
Batting: RHB Phil Knox
|
0-0: Ball 1-0: Reached on error, E6 (Groundball, 6, EV 85.6 MPH)
|
|
Batting: RHB Josh Kimbrell
|
0-0: Called Strike 0-1: Ball 1-1: Swinging Strike 1-2: Foul Ball, location: 2F 1-2: Ball 2-2: 2-RUN HOME RUN (Flyball, 7LD, EV 93.1 MPH), Distance : 334 ft
|
|
Batting: RHB Santos Guadalupe
|
0-0: Swinging Strike 0-1: Foul Ball, location: 2F 0-2: Strikes out swinging
|
|
Batting: RHB Ken Jenkins
|
0-0: Ground out 6-3 (Groundball, 6, EV 85.6 MPH)
|
| Top of the 2nd over - 2 runs, 1 hit, 1 error, 0 left on base; Great Lakes 3 - Lakewood 0 |
| BOTTOM OF THE 2ND |
|
Lakewood BlueClaws batting - Pitching for Great Lakes Loons : RHP Santiago Montero
|
|
Batting: LHB Jose Carlos
|
0-0: Foul Ball, location: 2F 0-1: Swinging Strike 0-2: Ball 1-2: Ball 2-2: Foul Ball, location: 2F 2-2: Strikes out looking
|
|
Batting: RHB Victor Arroyo
|
0-0: Foul Ball, location: 2F 0-1: Ball 1-1: Ball 2-1: Foul Ball, location: 2F 2-2: Fly out, F7 (Flyball, 78S, EV 85.0 MPH)
|
|
Batting: RHB Roberto Ruiz
|
0-0: Ball 1-0: Ball 2-0: Ball 3-0: Base on Balls
|
|
Batting: RHB Kyle Morse
|
0-0: Swinging Strike 0-1: Ball 1-1: Called Strike 1-2: Ball 2-2: Strikes out swinging
|
| Bottom of the 2nd over - 0 runs, 0 hits, 0 errors, 1 left on base; Great Lakes 3 - Lakewood 0 |
| TOP OF THE 3RD |
|
Great Lakes Loons batting - Pitching for Lakewood BlueClaws : RHP William-Floyd Goof
|
|
Batting: RHB Alex Mejia
|
0-0: Ball 1-0: Ground out 5-3 (Groundball, 56, EV 83.1 MPH)
|
|
Batting: RHB John Piccolo
|
0-0: Ground out U3 (Groundball, 34S, EV 92.5 MPH)
|
|
Batting: LHB Antonio Luis
|
0-0: Ball 1-0: Ball 2-0: Ground out 4-3 (Groundball, 4, EV 100.6 MPH)
|
| Top of the 3rd over - 0 runs, 0 hits, 0 errors, 0 left on base; Great Lakes 3 - Lakewood 0 |
| BOTTOM OF THE 3RD |
|
Lakewood BlueClaws batting - Pitching for Great Lakes Loons : RHP Santiago Montero
|
|
Pitching: RHP Angel Rivas
|
|
|
Batting: SHB Mike Rueth
|
0-0: Ball 1-0: Ground out 6-3 (Groundball, 6, EV 86.3 MPH)
|
|
Batting: RHB Steve Jones
|
0-0: Called Strike 0-1: Ball 1-1: Ball 2-1: Ground out 4-3 (Groundball, 4, EV 77.5 MPH)
|
|
Batting: LHB Osamu Kubo
|
0-0: Called Strike 0-1: Swinging Strike 0-2: Ball 1-2: Ball 2-2: Foul Ball, location: 2F 2-2: Ground out U3 (Groundball, 3L, EV 108.1 MPH)
|
| Bottom of the 3rd over - 0 runs, 0 hits, 0 errors, 0 left on base; Great Lakes 3 - Lakewood 0 |
| TOP OF THE 4TH |
|
Great Lakes Loons batting - Pitching for Lakewood BlueClaws : RHP William-Floyd Goof
|
|
Batting: LHB Jim Chalk
|
0-0: Ground out 1-3 (Groundball, P, EV 70.6 MPH)
|
|
Batting: LHB Chris Barrera
|
0-0: Ball 1-0: Fly out, F9 (Flyball, 9S, EV 83.8 MPH)
|
|
Batting: RHB Phil Knox
|
0-0: Ball 1-0: Ball 2-0: SINGLE (Groundball, 6D, EV 100.6 MPH)
|
|
Batting: RHB Josh Kimbrell
|
0-0: Foul Ball, location: 2F 0-1: Fly out, F8 (Flyball, 89D, EV 86.9 MPH)
|
| Top of the 4th over - 0 runs, 1 hit, 0 errors, 1 left on base; Great Lakes 3 - Lakewood 0 |
| BOTTOM OF THE 4TH |
|
Lakewood BlueClaws batting - Pitching for Great Lakes Loons : RHP Angel Rivas
|
|
Batting: RHB Alberto Ramirez
|
0-0: Called Strike 0-1: Ball 1-1: Swinging Strike 1-2: Strikes out swinging
|
|
Batting: SHB Bob Dixon
|
0-0: Ball 1-0: Ball 2-0: Called Strike 2-1: Ball 3-1: Called Strike 3-2: Base on Balls
|
|
Batting: LHB Jose Carlos
|
0-0: Ball Bob Dixon is caught stealing 2nd base 2-6 1-0: Ball 2-0: Called Strike 2-1: Ball 3-1: Foul Ball, location: 2F 3-2: Foul Ball, location: 2F 3-2: Foul Ball, location: 2F 3-2: Base on Balls
|
|
Pitching: RHP Mark McDonald
|
|
|
Batting: RHB Victor Arroyo
|
0-0: Ball 1-0: Ball 2-0: Swinging Strike 2-1: Swinging Strike 2-2: Ball 3-2: Base on Balls Jose Carlos to second
|
|
Batting: RHB Roberto Ruiz
|
0-0: Ball 1-0: Foul Ball, location: 2F 1-1: Fly out, F9 (Flyball, 9, EV 92.5 MPH)
|
| Bottom of the 4th over - 0 runs, 0 hits, 0 errors, 2 left on base; Great Lakes 3 - Lakewood 0 |
| TOP OF THE 5TH |
|
Great Lakes Loons batting - Pitching for Lakewood BlueClaws : RHP William-Floyd Goof
|
|
Batting: RHB Santos Guadalupe
|
0-0: SINGLE (Groundball, 4D, EV 105.0 MPH)
|
|
Batting: RHB Ken Jenkins
|
0-0: SINGLE (Groundball, 5S, EV 66.9 MPH) (infield hit) Santos Guadalupe to second
|
|
Batting: RHB Alex Mejia
|
0-0: Called Strike 0-1: Called Strike 0-2: SINGLE (Line Drive, 4D, EV 96.3 MPH) Santos Guadalupe to third Ken Jenkins to second
|
|
Batting: RHB John Piccolo
|
0-0: Swinging Strike 0-1: Ball 1-1: Ball 2-1: Foul Ball, location: 2F 2-2: Foul Ball, location: 2F 2-2: Strikes out swinging
|
|
Batting: LHB Antonio Luis
|
0-0: Ball 1-0: Swinging Strike 1-1: TRIPLE (Line Drive, 89XD, EV 107.5 MPH) Santos Guadalupe scores Ken Jenkins scores Alex Mejia scores
|
|
Pitching: RHP Dustin Hensley
|
|
|
Batting: LHB Jim Chalk
|
0-0: Ball 1-0: Ball 2-0: Ball 3-0: Called Strike 3-1: Called Strike 3-2: Base on Balls
|
|
Batting: LHB Chris Barrera
|
0-0: Ball 1-0: Ball 2-0: Foul Ball, location: 2F 2-1: Foul Ball, location: 2F 2-2: Ball 3-2: Base on Balls Jim Chalk to second
|
|
Batting: RHB Phil Knox
|
0-0: Ball 1-0: Called Strike 1-1: Swinging Strike 1-2: Ball 2-2: Strikes out looking
|
|
Batting: RHB Josh Kimbrell
|
0-0: Ball 1-0: Ball 2-0: Foul Ball, location: 2F 2-1: Fly out, F2 (Popup, 2RF, EV 91.3 MPH)
|
| Top of the 5th over - 3 runs, 4 hits, 0 errors, 3 left on base; Great Lakes 6 - Lakewood 0 |
| BOTTOM OF THE 5TH |
|
Lakewood BlueClaws batting - Pitching for Great Lakes Loons : RHP Mark McDonald
|
|
Batting: RHB Kyle Morse
|
0-0: Ball 1-0: Fly out, F7 (Flyball, 7, EV 86.9 MPH)
|
|
Batting: SHB Mike Rueth
|
0-0: Called Strike 0-1: Called Strike 0-2: Ball 1-2: Ball 2-2: Foul Ball, location: 2F 2-2: Foul Ball, location: 2F 2-2: Foul Ball, location: 2F 2-2: Strikes out swinging
|
|
Batting: RHB Steve Jones
|
0-0: SINGLE (Groundball, 13S, EV 73.8 MPH) (infield hit)
|
|
Batting: LHB Osamu Kubo
|
0-0: Called Strike Steve Jones steals 2nd base 0-1: Called Strike 0-2: Ball Wild Pitch! Steve Jones to third 1-2: Ball 2-2: Ground out U3 (Groundball, 34, EV 90.0 MPH)
|
| Bottom of the 5th over - 0 runs, 1 hit, 0 errors, 1 left on base; Great Lakes 6 - Lakewood 0 |
| TOP OF THE 6TH |
|
Great Lakes Loons batting - Pitching for Lakewood BlueClaws : RHP Dustin Hensley
|
|
Batting: RHB Santos Guadalupe
|
0-0: Called Strike 0-1: Called Strike 0-2: Strikes out swinging
|
|
Batting: RHB Ken Jenkins
|
0-0: Foul Ball, location: 2F 0-1: Ball 1-1: Swinging Strike 1-2: Ball 2-2: Fly out, F9 (Flyball, 9D, EV 86.3 MPH)
|
|
Batting: RHB Alex Mejia
|
0-0: Called Strike 0-1: Foul Ball, location: 2F 0-2: SINGLE (Groundball, 6MD, EV 105.6 MPH) (infield hit)
|
|
Batting: RHB John Piccolo
|
Pickoff Throw to First - Out! 1-3
|
| Top of the 6th over - 0 runs, 1 hit, 0 errors, 0 left on base; Great Lakes 6 - Lakewood 0 |
| BOTTOM OF THE 6TH |
|
Lakewood BlueClaws batting - Pitching for Great Lakes Loons : RHP Mark McDonald
|
|
Batting: RHB Alberto Ramirez
|
0-0: Ball 1-0: Foul Ball, location: 2F 1-1: Swinging Strike 1-2: Fly out, F8 (Flyball, 89M, EV 93.1 MPH)
|
|
Batting: SHB Bob Dixon
|
0-0: Foul Ball, location: 2F 0-1: Ball 1-1: Called Strike 1-2: Ball 2-2: Ball 3-2: Base on Balls
|
|
Pitching: RHP Servaas Morrow
|
|
|
Batting: LHB Jose Carlos
|
0-0: Ball 1-0: Ball 2-0: Foul Ball, location: 2F 2-1: SINGLE (Groundball, 34D, EV 104.4 MPH) Bob Dixon to second
|
|
Batting: RHB Victor Arroyo
|
0-0: Called Strike 0-1: Ball 1-1: Swinging Strike 1-2: Ball 2-2: Foul Ball, location: 2F 2-2: Foul Ball, location: 2F 2-2: Strikes out swinging
|
|
Batting: RHB Roberto Ruiz
|
0-0: Ball 1-0: Ball 2-0: Foul Ball, location: 2F 2-1: Ball 3-1: Foul Ball, location: 2F 3-2: Fly out, F8 (Flyball, 8RM, EV 86.9 MPH)
|
| Bottom of the 6th over - 0 runs, 1 hit, 0 errors, 2 left on base; Great Lakes 6 - Lakewood 0 |
| TOP OF THE 7TH |
|
Great Lakes Loons batting - Pitching for Lakewood BlueClaws : RHP Dustin Hensley
|
|
Batting: RHB John Piccolo
|
0-0: Called Strike 0-1: Ground out 3-1 (Groundball, 34, EV 85.6 MPH)
|
|
Batting: LHB Antonio Luis
|
0-0: Called Strike 0-1: Ball 1-1: Fly out, F6 (Popup, 4MD, EV 56.9 MPH)
|
|
Batting: LHB Jim Chalk
|
0-0: Ball 1-0: Ball 2-0: Ball 3-0: Base on Balls
|
|
Batting: LHB Chris Barrera
|
0-0: Called Strike 0-1: Foul Ball, location: 2F 0-2: Ball 1-2: Foul Ball, location: 2F 1-2: Ball 2-2: Ball 3-2: Foul Ball, location: 2F 3-2: SINGLE (Line Drive, 34D, EV 94.4 MPH) Jim Chalk to second Jim Chalk to third
|
|
Batting: RHB Phil Knox
|
0-0: Ball 1-0: Called Strike 1-1: Ball 2-1: Fly out, F3 (Popup, 3S, EV 77.5 MPH)
|
| Top of the 7th over - 0 runs, 1 hit, 0 errors, 2 left on base; Great Lakes 6 - Lakewood 0 |
| BOTTOM OF THE 7TH |
|
Lakewood BlueClaws batting - Pitching for Great Lakes Loons : RHP Servaas Morrow
|
|
Batting: RHB Kyle Morse
|
0-0: Foul Ball, location: 2F 0-1: Foul Ball, location: 2F 0-2: Ball 1-2: Strikes out swinging
|
|
Batting: SHB Mike Rueth
|
0-0: Ball 1-0: Ground out 4-3 (Groundball, 4, EV 76.9 MPH)
|
|
Batting: RHB Steve Jones
|
0-0: Ball 1-0: Foul Ball, location: 2F 1-1: Ball 2-1: Ball 3-1: Foul Ball, location: 2F 3-2: Base on Balls
|
|
Pitching: RHP Bobby Primaticcio
|
|
|
Batting: LHB Osamu Kubo
|
0-0: Foul Ball, location: 2F 0-1: Ball 1-1: Ball 2-1: Called Strike Steve Jones steals 2nd base 2-2: DOUBLE (Line Drive, 78D, EV 103.8 MPH) Steve Jones scores
|
|
Batting: RHB Alberto Ramirez
|
0-0: Called Strike 0-1: Ground out 4-3 (Groundball, 34D, EV 103.8 MPH)
|
| Bottom of the 7th over - 1 run, 1 hit, 0 errors, 1 left on base; Great Lakes 6 - Lakewood 1 |
| TOP OF THE 8TH |
|
Great Lakes Loons batting - Pitching for Lakewood BlueClaws : RHP Dustin Hensley
|
|
Pitching: RHP Ricardo Dominguez
|
|
|
Batting: RHB Josh Kimbrell
|
0-0: Ball 1-0: SINGLE (Line Drive, 9S, EV 98.8 MPH)
|
|
Batting: RHB Santos Guadalupe
|
0-0: SINGLE (Groundball, 4, EV 96.9 MPH) Josh Kimbrell to second Runner from 2nd tries for 3rd, SAFE, throw by RF made to third
|
|
Batting: RHB Ken Jenkins
|
0-0: Foul Ball, location: 2F 0-1: Ball 1-1: Fielders Choice at 2nd, 4-6 (Groundball, 4, EV 108.8 MPH) Josh Kimbrell scores
|
|
Batting: RHB Alex Mejia
|
0-0: Ball 1-0: Grounds into double play, 6-4-3 (Groundball, 6, EV 80.6 MPH)
|
| Top of the 8th over - 1 run, 2 hits, 0 errors, 0 left on base; Great Lakes 7 - Lakewood 1 |
| BOTTOM OF THE 8TH |
|
Lakewood BlueClaws batting - Pitching for Great Lakes Loons : RHP Bobby Primaticcio
|
|
Batting: SHB Bob Dixon
|
0-0: Ball 1-0: Swinging Strike 1-1: Foul Ball, location: 2F 1-2: Ball 2-2: Foul Ball, location: 2F 2-2: Ball 3-2: Foul Ball, location: 2F 3-2: Base on Balls
|
|
Batting: LHB Jose Carlos
|
0-0: Called Strike 0-1: Swinging Strike 0-2: Strikes out looking
|
|
Batting: RHB Victor Arroyo
|
0-0: Ball 1-0: Foul Ball, location: 2F 1-1: Foul Ball, location: 2F 1-2: Ball 2-2: Ball 3-2: Fly out, F9 (Flyball, 9, EV 72.5 MPH)
|
|
Batting: RHB Roberto Ruiz
|
0-0: Called Strike 0-1: Swinging Strike 0-2: Foul Ball, location: 2F 0-2: Ball 1-2: Ball 2-2: Foul Ball, location: 2F 2-2: Ball 3-2: Base on Balls Bob Dixon to second
|
|
Pitching: RHP George Credle
|
|
|
Batting: RHB Kyle Morse
|
0-0: Ball 1-0: Called Strike 1-1: Ball 2-1: DOUBLE (Flyball, 8RXD, EV 98.8 MPH) Bob Dixon scores Roberto Ruiz to third Runner from 3rd tries for Home, SAFE, throw by CF to trailing runner, SAFE at third!
|
|
Batting: SHB Mike Rueth
|
0-0: Ball 1-0: Swinging Strike 1-1: Foul Ball, location: 2F 1-2: Strikes out swinging
|
| Bottom of the 8th over - 2 runs, 1 hit, 0 errors, 1 left on base; Great Lakes 7 - Lakewood 3 |
| TOP OF THE 9TH |
|
Great Lakes Loons batting - Pitching for Lakewood BlueClaws : RHP Ricardo Dominguez
|
|
Batting: RHB John Piccolo
|
0-0: Called Strike 0-1: Called Strike 0-2: Strikes out looking
|
|
Batting: LHB Antonio Luis
|
0-0: Ball 1-0: Ground out U3 (Groundball, 3, EV 87.5 MPH)
|
|
Batting: LHB Jim Chalk
|
0-0: Ball 1-0: Ground out 5-3 (Groundball, 5, EV 100.0 MPH)
|
| Top of the 9th over - 0 runs, 0 hits, 0 errors, 0 left on base; Great Lakes 7 - Lakewood 3 |
| BOTTOM OF THE 9TH |
|
Lakewood BlueClaws batting - Pitching for Great Lakes Loons : RHP George Credle
|
|
Batting: RHB Steve Jones
|
0-0: Ball 1-0: Swinging Strike 1-1: Swinging Strike 1-2: Fly out, F8 (Line Drive, 8RM, EV 93.1 MPH)
|
|
Batting: LHB Osamu Kubo
|
0-0: Foul Ball, location: 2F 0-1: Ball 1-1: Called Strike 1-2: Ball 2-2: Ball 3-2: Strikes out looking
|
|
Pitching: RHP Jeremy Stock
|
|
|
Batting: RHB Alberto Ramirez
|
0-0: Fly out, F9 (Flyball, 89M, EV 91.3 MPH)
|
| Bottom of the 9th over - 0 runs, 0 hits, 0 errors, 0 left on base; Great Lakes 7 - Lakewood 3 |
|